AoeStats
← McPai

Arabia

509990309Analyzed
4v4 RM · 4d ago on Sep 28, 2026· 45m 28s· 8 players
Game mode
Random Map
Map size
Large (8 player)
Population
200
Speed
Normal
Resources
Standard
Victory
Conquest
Starting age
Dark Age
Ending age
Imperial Age
RankedLock teamsTeams togetherTeam positionsShared explorationLock speedFull tech treeHidden civsTurbo modeCheats
Victory
Defeat
🇮🇩 Franks · Indonesia
913
+13
🇪🇸 Hindustanis · Spain
901
+14
🇦🇷 Goths · Argentina
879
+14
🇹🇼 Khmer · Taiwan
873
+15
🇬🇧 Italians · United Kingdom
917
-17
🇬🇧 Romans · United Kingdom
859
-14
🇬🇧 Franks · United Kingdom
812
-13
🇬🇧 Wei · United Kingdom
803
-12
SGTSanju
10:53 Feudal Age
15:30 Castle Age
13:53 Double-Bit Axe
18:36 Padded Archer Armor
18:26 Fletching
20:12 Gold Mining
24:06 Bodkin Arrow
24:26 Leather Archer Armor
27:23 Bow Saw
35:43 Gold Shaft Mining
34:52 Horse Collar
35:53 Forging
35:49 Scale Barding Armor
40:19 Imperial Age
38:25 Wheelbarrow
38:51 Heavy Plow
40:56 Husbandry
41:06 Bloodlines
40:39 Heavy Cavalry Archer
42:47 Chemistry
42:07 Ballistics
42:23 Heavy Camel Rider
Sagittal
11:15 Feudal Age
12:37 Wheelbarrow
14:37 Loom
17:43 Castle Age
16:30 Double-Bit Axe
19:13 Bloodlines
21:02 Husbandry
25:16 Forging
25:47 Scale Barding Armor
27:30 Bow Saw
27:48 Gold Mining
32:38 Imperial Age
30:27 Horse Collar
32:25 Stone Mining
33:11 Gold Shaft Mining
34:41 Chain Barding Armor
35:56 Iron Casting
38:46 Blast Furnace
38:22 Plate Barding Armor
38:26 Light Cavalry
39:05 Elite Battle Elephant
43:07 Hussar
43:31 Cavalier
McPai
0:35 Loom
11:04 Feudal Age
17:03 Castle Age
17:36 Scale Barding Armor
17:56 Husbandry
18:23 Gold Mining
22:32 Forging
28:22 Chain Barding Armor
28:43 Gold Shaft Mining
32:11 Imperial Age
32:39 Iron Casting
32:50 Cavalier
35:55 Paladin
37:35 Conscription
38:38 Wheelbarrow
40:18 Blast Furnace
41:24 Plate Barding Armor
42:42 Hand Cart
43:46 Fletching
44:34 Bodkin Arrow
45:35 Double-Bit Axe
45:16 Elite Throwing Axeman
ariel
0:39 Loom
15:38 Feudal Age
20:56 Castle Age
Sharizard
1:49 Loom
11:17 Feudal Age
13:18 Double-Bit Axe
14:27 Horse Collar
14:41 Gold Mining
19:24 Castle Age
18:08 Stone Mining
23:44 Forging
23:40 Scale Barding Armor
23:47 Bow Saw
23:40 Heavy Plow
28:16 Gold Shaft Mining
34:15 Tuntian
39:51 Murder Holes
Torrin
1:11 Loom
9:50 Feudal Age
10:31 Double-Bit Axe
15:49 Horse Collar
18:38 Castle Age
19:31 Bow Saw
19:36 Man-at-Arms
21:01 Scale Mail Armor
21:12 Forging
21:12 Long Swordsman
22:45 Squires
27:16 Iron Casting
29:32 Pikeman
31:22 Chain Mail Armor
34:48 Padded Archer Armor
34:57 Stone Mining
34:58 Gold Mining
38:12 Wheelbarrow
42:21 Imperial Age
43:54 Conscription
SupaMan
1:44 Loom
9:55 Feudal Age
10:26 Double-Bit Axe
12:17 Gold Mining
25:13 Castle Age
NastyBoi
10:52 Feudal Age
12:43 Double-Bit Axe
19:52 Forging
23:41 Castle Age
28:42 Scale Barding Armor
29:14 Pikeman
32:38 Fletching
37:57 Bow Saw
41:05 Crossbowman
Connection lost

Rejoining the realm…

Still unreachable

The connection could not be restored.

Session expired

The server has moved on; the page needs a fresh start.